 Dungeon Crawl Stone Soup version 0.30-a0-778-g2ef04afb54 (webtiles) character file.

Game seed: 12178738855767652328

4163 funkygono the Arsonist (level 10, -4/53 HPs)
             Began as a Gargoyle Fire Elementalist on Feb 16, 2023.
             Killed from afar by a steam dragon (11 damage)
             ... with a ball of steam
             ... on level 8 of the Dungeon.
             The game lasted 00:11:26 (8143 turns).

funkygono the Arsonist (Gargoyle Fire Elementalist) Turns: 8143, Time: 00:11:26

Health: -4/53      AC: 14    Str: 11    XL:     10   Next: 28%
Magic:  12/22      EV: 17    Int: 21    God:
Gold:   371        SH:  0    Dex: 10    Spells: 15/25 levels left

rFire   . . .      SeeInvis .    F - +5 morningstar (heavy)
rCold   + . .      Faith    .    (no shield)
rNeg    + . .      Spirit   .    E - +2 robe {rC+}
rPois   ∞          Reflect  .    y - +1 helmet
rElec   +          Harm     .    (no cloak)
rCorr   +          Rampage  .    (no gloves)
Will    .....                    l - +0 pair of boots
Stlth   ++                       (no amulet)
HPRegen 0.28/turn                t - +5 ring of evasion
MPRegen 0.18/turn                x - ring of resist corrosion

@: no status effects
A: sickness immunity, AC +7, negative energy resistance 1, electricity
resistance, torment resistance 1, petrification resistance
a: no special abilities


You were on level 8 of the Dungeon.
You visited 2 branches of the dungeon, and saw 9 of its levels.
You also visited: Ossuary.

You collected 371 gold pieces.

Inventory:

Hand Weapons
 n - a +0 flail
 p - a +0 whip
 q - a +1 whip of electrocution
 B - a +5 flail
 D - a +2 whip of freezing
 F - a +5 heavy morningstar (weapon)
Missiles
 A - a throwing net
Armour
 d - the +1 leather armour of Inekuuk {-Tele rPois rN+++ Dex+2}
   (You found it on level 5 of the Dungeon)

   Dex:       It affects your dexterity (+2).
   rPois:     It protects you from poison.
   rN:        It renders you almost immune to negative energy.
   -Tele:     It prevents most forms of teleportation.
 l - a +0 pair of boots (worn)
 y - a +1 helmet (worn)
 E - a +2 robe of cold resistance (worn)
Jewellery
 c - a ring of ice
 t - a +5 ring of evasion (left hand)
 x - a ring of resist corrosion (right hand)
Wands
 s - a wand of mindburst (10)
 C - a wand of flame (7)
 G - a wand of acid (11)
Scrolls
 e - a scroll of magic mapping
 g - a scroll of blinking
 h - a scroll of fear
 v - 4 scrolls of teleportation
 w - a scroll of vulnerability
Potions
 b - a potion of magic
 f - a potion of attraction {unknown}
 i - 2 potions of haste {unknown}
 j - 4 potions of brilliance
 k - 2 potions of lignification
 m - a potion of ambrosia
 o - 6 potions of curing
 r - 10 potions of heal wounds
 u - a potion of invisibility {unknown}
 z - 4 potions of might {unknown}
 H - a potion of mutation {unknown}


   Skills:
 + Level 1.7 Fighting
 + Level 3.1 Maces & Flails
 + Level 3.7 Dodging
 - Level 2.1 Stealth
 + Level 8.4 Spellcasting
 + Level 6.3 Conjurations
 + Level 8.9 Fire Magic


You had 15 spell levels left.
You knew the following spells:

 Your Spells              Type           Power      Damage    Failure   Level
a - Foxfire               Conj/Fire      100%       2x1d9     1%          1
b - Scorch                Fire           92%        2d10      1%          2
c - Kindle Blastsparks    Fire/Tloc/Air  42%        2d13      7%          3
d - Flame Wave            Conj/Fire      40%        2d11      3%          4

Your spell library contained the following spells:

 Spells                   Type           Power      Damage    Failure   Level
 Momentum Strike          Conj/Tloc      44%        3d9       3%          2
 Inner Flame              Hex/Fire       27%        N/A       3%          3
 Dazzling Flash           Conj/Hex       44%        N/A       6%          3
 Blink                    Tloc           16%        N/A       12%         2
 Lesser Beckoning         Tloc           16%        N/A       12%         2
 Animate Dead             Necr           8%         N/A       58%         4
 Agony                    Necr           8%         N/A       91%         5
 Silence                  Hex/Air        4%         N/A       91%         5
 Haunt                    Necr/Summ      4%         N/A       100%        7
 Infestation              Necr           4%         N/A       100%        8


Dungeon Overview and Level Annotations

Branches:
Dungeon (8/15)             Temple (1/1) D:5         Ossuary (visited)
   Lair: D:8-11

Altars:
Ashenzari
Cheibriados
Dithmenos
Elyvilon
Fedhas
Gozag
Hepliaklqana
Kikubaaqudgha
Makhleb
Nemelex Xobeh
Okawaru
Qazlal
Sif Muna
Trog
Uskayaw
Wu Jian
Xom
Yredelemnul
Zin
The Shining One

Annotations:
D:5 3 runed translucent doors, MCDelver's ghost, novice OpFE


Innate Abilities, Weirdness & Mutations

You are immune to sickness and miasma.
Your stone body is resilient. (AC +7)
You are immune to poison.
You resist negative energy. (rN+)
You are resistant to electric shocks. (rElec)
You are resistant to unholy torment.
You are immune to petrification.


Message History

The yak is lightly wounded. (Press . to intensify the flame waves.)
You are engulfed in a cloud of scalding steam.
The foxfire hits the yak.
The yak is moderately wounded.
The foxfire hits the yak.
The yak is moderately wounded.
The yak gores you but does no damage.
Unknown command.
A wave of flame ripples out!
The flame wave engulfs the yak!
The yak is severely wounded.
The flame wave engulfs the steam dragon!
The steam dragon is heavily wounded.
The yak is engulfed in a cloud of scalding steam.
The yak gores you!
* * * LOW HITPOINT WARNING * * *
A wave of flame ripples out!
The flame wave engulfs the steam dragon.
The steam dragon is heavily wounded.
The flame wave engulfs the yak!
You kill the yak!
You finish channelling waves of flame.
The steam dragon misses you. The steam dragon completely misses you.
Casting: Flame Wave (dangerous; 3% risk of failure)
Confirm with . or Enter, or press ? or * to list all spells.
Flames lash the steam dragon.
The steam dragon is severely wounded.
The steam dragon's fire resistance burns away.
The steam dragon bites you.
* * * LOW HITPOINT WARNING * * *
The steam dragon closely misses you.
Okay, then.
Unknown command.
Casting: Scorch (safe; 1% risk of failure)
Confirm with . or Enter, or press ? or * to list all spells.
Flames lash the steam dragon.
The steam dragon is burned terribly!
The steam dragon is almost dead.
The steam dragon breathes steam at you. The ball of steam hits you!
You die...

.# ###### .#
#.....# .##
.......##..#
.........#.# .
...........#..#
.^.....††....#
......D@..8..#
......††.....#
........#.....#
.......#......#
#.....# . ....#
###### ......#
.. .... .....#.


You could see a steam dragon (catching breath, combustible).

Vanquished Creatures
  Pikel (D:6)
  Grinder (D:4)
  10 yaks
  A water moccasin (D:5)
  3 ice beasts
  A wolf (D:8)
  3 lemures (D:6)
  A bullfrog (D:7)
  A necrophage (D:4)
  A kobold brigand (D:6)
  3 scorpions
  5 wights (D:6)
  A howler monkey (D:6)
  2 centaur zombies (Ossuary)
  3 hounds
  2 jellies
  5 orc priests
  5 iguanas
  4 orc wizards
  4 mummies (Ossuary)
  A killer bee simulacrum (D:8)
  Robin (D:4)
  3 gnolls (D:6)
  8 adders
  3 shadow imps
  3 white imps (D:8)
  A howler monkey simulacrum (D:8)
  3 ufetubi
  4 worms
  4 dart slugs
  20 orcs
  7 bats
  2 endoplasms
  3 giant cockroaches
  2 gnoll zombies (Ossuary)
  12 goblins
  8 hobgoblins
  4 jackals (D:2)
  3 quokkas
  2 ball pythons (D:3)
  4 frilled lizards
  6 kobolds
  2 kobold zombies (Ossuary)
  2 orc zombies (Ossuary)
  3 rats
  2 rat zombies (D:7)
170 creatures vanquished.

Vanquished Creatures (others)
  511 foxfires
  2 fungi (D:5)
  2 plants (D:5)
515 creatures vanquished.

Grand Total: 685 creatures vanquished

Notes
Turn   | Place    | Note
-------+----------+-------------------------------------------
     0 | D:1      | funkygono the Gargoyle Fire Elementalist began the quest
                  | for the Orb.
     0 | D:1      | Reached XP level 1. HP: 10/10 MP: 3/3
   413 | D:1      | Reached XP level 2. HP: 15/15 MP: 0/5
   434 | D:1      | Learned a level 2 spell: Scorch
  1337 | D:2      | Reached XP level 3. HP: 19/19 MP: 2/6
  1341 | D:2      | Learned a level 3 spell: Kindle Blastsparks
  1999 | D:3      | Reached XP level 4. HP: 23/24 MP: 0/7
  2106 | D:3      | Found a stormy altar of Qazlal.
  2974 | D:3      | Reached XP level 5. HP: 28/28 MP: 3/9
  3442 | D:4      | Reached XP level 6. HP: 32/32 MP: 7/11
  3447 | D:4      | Learned a level 4 spell: Flame Wave
  3516 | D:4      | Noticed Grinder
  3529 | D:4      | Paralysed by Grinder for 4 turns
  3537 | D:4      | Killed Grinder
  3538 | D:4      | Reached skill level 1 in Maces & Flails
  3538 | D:4      | Reached skill level 5 in Fire Magic
  3538 | D:4      | Reached XP level 7. HP: 21/36 MP: 2/13
  3740 | D:4      | Noticed Robin
  3764 | D:4      | Killed Robin
  4396 | D:4      | Found a glowing golden altar of the Shining One.
  4566 | D:5      | Entered Level 5 of the Dungeon
  4569 | D:5      | Found a staircase to the Ecumenical Temple.
  4579 | D:5      | Identified the +1 leather armour of Inekuuk {-Tele rPois
                  | rN+++ Dex+2}
  4585 | Temple   | Entered the Ecumenical Temple
  5007 | D:5      | Reached skill level 1 in Fighting
  5109 | D:5      | Found a runed translucent gate.
  5110 | D:5      | Found a runed translucent gate.
  5111 | D:5      | Found a runed translucent gate.
  5114 | D:5      | Noticed MCDelver's ghost (novice OpFE)
  5328 | D:5      | Reached skill level 5 in Spellcasting
  5328 | D:5      | Reached XP level 8. HP: 37/43 MP: 11/15
  5429 | D:5      | Identified the +5 spear "Bingo" {vamp, rN++ Str-4}
  6211 | D:6      | Identified the +0 flail of the Toadstool {heavy, *Corrode
                  | rElec rN++ Stlth+}
  6368 | D:6      | Noticed Pikel
  6500 | D:6      | Killed Pikel
  6501 | D:6      | Reached skill level 5 in Conjurations
  6501 | D:6      | Reached XP level 9. HP: 35/47 MP: 6/19
  6931 | D:7      | Found a sand-covered staircase.
  6938 | Ossuary  | Entered an ossuary
  7606 | D:7      | Identified the +1 chain mail "Lyexuqoe" {Str+2 Int+3}
  7906 | D:8      | Reached XP level 10. HP: 34/52 MP: 0/22
  8143 | D:8      | Killed from afar by a steam dragon

Illustrated notes

Levels and vault maps discovered:
D:1:      lightli_arrival_boilingwater, layout_basic, st_stairs_6
D:2:      layout_basic
D:3:      layout_basic, mainiacjoe_overflow_catwalk,
          chequers_serial_rivers_micro_e, st_stairs_11
D:4:      layout_loops_corners, tso_altar, uniq_robin, uniq_grinder
D:5:      layout_loops_ring, temple_green, gammafunk_ghost_nasty_kobolds,
          minmay_misc_feat_secret_circle
D:6:      layout_rooms, uniq_pikel
D:7:      layout_basic, enter_ossuary_4
D:8:      layout_rooms, serial_ice, serial_ice_f, serial_ice_e, serial_ice_c,
          serial_ice_k, serial_ice_o, serial_ice_b, serial_ice_h,
          grunt_ministairs_6
Temple:   regret_index_temple_mists

Skill      XL: |  1  2  3  4  5  6  7  8  9 10 |
---------------+-------------------------------+-----
Fire Magic     | 4 5 7 8 |  8.9
Dodging        | 2 3 |  3.7
Conjurations   | 2 3 5 6 |  6.3
Spellcasting   | 3 4 5 7 8 |  8.4
Maces & Flails | 1 2 3 |  3.1
Fighting       | 1 |  1.7
Stealth        | |  2.1

Action                     |  1- 3 |  4- 6 |  7- 9 | 10-12 || total
---------------------------+-------+-------+-------+-------++-------
  Melee: Flail             |    13 |       |       |       ||    13
         Unarmed           |     5 |       |       |       ||     5
         Club              |     2 |       |       |       ||     2
         Whip              |     7 |    38 |    31 |       ||    76
         Morningstar       |       |       |     5 |     1 ||     6
   Cast: Foxfire           |    50 |    53 |   195 |     3 ||   301
         Scorch            |       |     8 |    21 |     3 ||    32
         Flame Wave        |       |       |     6 |     4 ||    10
    Use: Scroll            |       |       |    17 |       ||    17
   Stab: Sleeping          |       |       |     1 |       ||     1
 Armour: Robe              |    10 |     6 |    24 |     8 ||    48
  Dodge: Dodged            |    27 |    45 |    76 |    14 ||   162

Table legend: (Time is in decaauts)
 A = Elapsed time spent in this place.
 B = Non-inter-level travel time spent in this place.
 C = Inter-level travel time spent in this place.
 D = Time resting spent in this place.
 E = Time spent auto-exploring this place.
 F = Levels seen in this place.
 G = Mean time per level.
                   A        B        C        D        E       F      G
               +--------+--------+--------+--------+--------+-----+--------+
         Total |   8211 |   8043 |    168 |    256 |   6544 |  10 |  821.1 |
       Dungeon |   7558 |   7419 |    139 |    256 |   6061 |   8 |  944.8 |
        Temple |    224 |    195 |     29 |      0 |    174 |   1 |  224.0 |
       Ossuary |    428 |    428 |      0 |      0 |    309 |   1 |  428.0 |
               +--------+--------+--------+--------+--------+-----+--------+

Top non-repeatable levels by time:
     D:4: 1431 daAuts
     D:3: 1208 daAuts
     D:5: 1097 daAuts
     D:1: 1048 daAuts
     D:6: 994 daAuts
     D:2: 885 daAuts
     D:7: 852 daAuts
 Ossuary: 428 daAuts
  Temple: 224 daAuts
     D:8: 40 daAuts
